 Dungeon Crawl Stone Soup version 0.22-a0-147-gfdd7f25 (webtiles) character file.

12 varam the Firebug (level 2, -1/17 HPs)
             Began as an Octopode Fire Elementalist on Feb 6, 2018.
             Slain by a hobgoblin
             ... wielding a +0 club
              (5 damage)
             ... on level 1 of the Dungeon.
             The game lasted 00:01:56 (337 turns).

varam the Firebug (Octopode Fire Elementalist)       Turns: 337, Time: 00:01:57

Health: -1/17      AC:  1    Str:  7    XL:     2   Next: 33%
Magic:  5/5        EV: 13    Int: 17    God:
Gold:   6          SH:  0    Dex: 12    Spells: 4/5 levels left

rFire    . . .     SeeInvis .   (no weapon)
rCold    . . .     Gourm    .   (no shield)
rNeg     . . .     Faith    .   (helmet restricted)
rPois    .         Spirit   .   (no amulet)
rElec    .         Reflect  .   (no ring)
rCorr    .         Harm     .   (no ring)
MR       .....                  (no ring)
Stlth    ++++......             (no ring)
HPRegen  0.05/turn              (no ring)
MPRegen  0.09/turn              (no ring)
                                (no ring)
                                (no ring)

@: no status effects
A: almost no armour, stealthy swim, amphibious, 8 rings, constrict 8, camouflage
1, gelatinous body 1
a: no special abilities


You were on level 1 of the Dungeon.
You were not hungry.

You visited 1 branch of the dungeon, and saw 1 of its levels.

You collected 6 gold pieces.

Inventory:

Scrolls
 d - a scroll of enchant armour {unknown}
 e - a scroll of remove curse {unknown}
 f - a scroll of noise {unknown}
 g - a scroll of blinking {unknown}
Books
 a - a book of Flames

   Spells                             Type                      Level
   a - Flame Tongue                   Conjuration/Fire             1
   b - Throw Flame                    Conjuration/Fire             2
   c - Conjure Flame                  Conjuration/Fire             3
   d - Inner Flame                    Hexes/Fire                   3
   e - Sticky Flame                   Conjuration/Fire             4
   f - Fireball                       Conjuration/Fire             5
Comestibles
 b - a ration
 c - 10 chunks of flesh


   Skills:
 - Level 2.0 Dodging
 - Level 2.6 Stealth
 - Level 2.0 Spellcasting
 * Level 1.9 Conjurations
 + Level 3.2 Fire Magic


You had 4 spell levels left.
You knew the following spells:

 Your Spells              Type           Power        Failure   Level  Hunger
a - Flame Tongue          Conj/Fire      ##...        7%          1    #......


Dungeon Overview and Level Annotations

Branches:
Dungeon (1/15)

Altars:


Innate Abilities, Weirdness & Mutations

You cannot wear most types of armour.
You are very stealthy in the water. (Stealth+)
You are amphibious.
You can wear up to eight rings at the same time.
You can use your tentacles to constrict eight enemies at once.
Your skin changes colour to match your surroundings (Stealth+).
Your rubbery body absorbs attacks. (AC +1, EV +1)


Message History

Found a stone staircase leading down.
A hobgoblin comes into view. It is wielding a club.
The hobgoblin shouts!
The hobgoblin moves out of view.
The bat hits you.
* * * LOW HITPOINT WARNING * * *
The bat completely misses you. The bat closely misses you.
The hobgoblin barely misses you.
You tentacle-slap the hobgoblin but do no damage.
You grab the hobgoblin.
You constrict the hobgoblin, but do no damage.
The bat misses you. The bat hits you but does no damage.
The hobgoblin barely misses you.
You barely miss the hobgoblin. You constrict the hobgoblin.
The bat closely misses you. The hobgoblin misses you.
You tentacle-slap the hobgoblin.
The hobgoblin is severely wounded.
You constrict the hobgoblin, but do no damage.
The bat hits you but does no damage. The hobgoblin hits you with a club.
You die...

....... .......
....... .......
....... ......
....... .....
...#. PP.###.
###>...♣≈b.♣...
....##≈g≈≈.≈...
......≈@≈≈.≈P..
....#..≈≈≈≈.P.#
'##.#.≈≈≈≈P≈..#
.....P≈≈≈≈≈...#
###.#..≈≈≈.≈♣##
#.##≈≈≈≈≈..#
.... #
#.≈≈≈.≈P.#
......
##!≈≈≈...#
.....
#..♣.♣.).# ...#


You could see a hobgoblin and a bat.

Vanquished Creatures
  A dart slug (D:1)
  A leopard gecko (D:1)
  2 goblins (D:1)
  A hobgoblin (D:1)
  A jackal (D:1)
  A bat (D:1)
  A kobold (D:1)
  A rat (D:1)
9 creatures vanquished.

Notes
Turn   | Place    | Note
-------+----------+-------------------------------------------
     0 | D:1      | varam the Octopode Fire Elementalist began the quest for the Orb.
     0 | D:1      | Reached XP level 1. HP: 11/11 MP: 3/3
   192 | D:1      | Reached XP level 2. HP: 11/17 MP: 1/5
   256 | D:1      | HP: 1/17 [jackal (2)]
   337 | D:1      | Slain by a hobgoblin

Vault maps used:
D:1:      saegor_arrival_under_anarchy, serial_bayou_pond_b

Action                   || total
-------------------------++-------
Melee: Unarmed           ||    12
       Constrict         ||     4
       Tentacles         ||     2
 Cast: Flame Tongue      ||    12
 Stab: Sleeping          ||     1
Armor: Skin              ||     2
Dodge: Dodged            ||    17

Table legend:
 A = Spawn XP
 B = Non-spawn XP
 C = Spawn XP percentage of total XP
 D = Spawn monster count
 E = Non-spawn monster count
 F = Spawn count percentage of total count
 G = Total turns spent on level
                    A         B        C        D         E        F      G
               +---------+---------+-------+---------+---------+-------+---------
         Total |       0 |      18 |   0.0 |       0 |       9 |   0.0 |   337
               +---------+---------+-------+---------+---------+-------+---------
           D:1 |       0 |      18 |   0.0 |       0 |       9 |   0.0 |   337
               +---------+---------+-------+---------+---------+-------+---------
